 Dungeon Crawl Stone Soup version 0.21.1-1-g345015fe64 (webtiles) character file.

4472 Lentor the Carver (level 10, -20/79 HPs)
             Began as a Demonspawn Abyssal Knight on June 11, 2018.
             Was an Elder of Lugonu.
             Killed from afar by a gargoyle (22 damage)
             ... with a stone arrow
             ... in a labyrinth.
             The game lasted 00:29:59 (9224 turns).

Lentor the Carver (Demonspawn Abyssal Knight)       Turns: 9224, Time: 00:29:59

Health: -20/79     AC: 23    Str: 17    XL:     10   Next: 15%
Magic:  8/12       EV:  6    Int: 14    God:    Lugonu [****..]
Gold:   370        SH:  0    Dex: 19    Spells: 8/9 levels left

rFire    . . .     SeeInvis .   A - +4 long sword "Lyanic" {freeze, Str+2 Dex+3}
rCold    . . .     Gourm    .   (no shield)
rNeg     . . .     Faith    +   d - +0 plate armour
rPois    .         Spirit   .   (helmet restricted)
rElec    .         Reflect  .   h - +0 cloak
rCorr    +         Harm     .   m - +2 pair of gloves {Dex+3}
MR       .....                  o - +1 pair of boots
Stlth    ..........             F - amulet of faith
HPRegen  0.23/turn              z - ring of resist corrosion
MPRegen  0.13/turn              i - +3 ring of protection

@: no status effects
A: antennae 1, spiny 2, rot immunity
a: Depart the Abyss, Bend Space, Banish, Corrupt, Renounce Religion


You were in a labyrinth.
You worshipped Lugonu.
Lugonu was greatly pleased with you.
You were not hungry.

You visited 2 branches of the dungeon, and saw 12 of its levels.
You visited the Abyss 1 time.
You also visited: Labyrinth.

You collected 370 gold pieces.

Inventory:

Hand Weapons
 A - the +4 long sword "Lyanic" (weapon) {freeze, Str+2 Dex+3}
   (You found it on level 6 of the Dungeon)

   It has been specially enchanted to freeze those struck by it, causing extra
   injury to most foes and up to half again as much damage against particularly
   susceptible opponents.
   It can also slow down cold-blooded creatures.
   It affects your strength (+2).
   It affects your dexterity (+3).
Missiles
 v - 4 javelins of returning (quivered)
Armour
 d - a +0 plate armour (worn)
 h - a +0 cloak (worn)
 m - a +2 pair of gloves of dexterity (worn)
 o - a +1 pair of boots (worn)
Jewellery
 i - a +3 ring of protection (right hand)
 k - an uncursed ring of fire
 z - a ring of resist corrosion (left hand)
 F - an amulet of faith (around neck)
 L - an uncursed amulet of the gourmand {unknown}
Wands
 b - a wand of polymorph (15)
 l - a wand of random effects (31)
 q - a wand of acid (7)
 s - a wand of disintegration (7)
 D - a wand of flame (47)
 I - a wand of enslavement (17)
Scrolls
 a - a scroll of brand weapon {unknown}
 j - 5 scrolls of amnesia
 n - 3 scrolls of magic mapping
 u - 4 scrolls of fog
 y - 6 scrolls of teleportation
 C - a scroll of blinking
 K - a scroll of fear
Potions
 e - 2 potions of might
 f - 2 potions of berserk rage
 g - 6 potions of curing
 p - 4 potions of flight
 r - a potion of degeneration {unknown}
 t - 2 potions of brilliance {unknown}
 w - 3 potions of agility {unknown}
 x - a potion of resistance {unknown}
 G - 4 potions of heal wounds {unknown}
 H - a potion of ambrosia {unknown}
 M - a potion of haste {unknown}
Books
 B - a book of Cantrips

   Spells                             Type                      Level
   a - Confusing Touch                Hexes                        1
   b - Animate Skeleton               Necromancy                   1
   c - Summon Small Mammal            Summoning                    1
   d - Apportation                    Translocation                1
 E - a book of Maledictions

   Spells                             Type                      Level
   a - Corona                         Hexes                        1
   b - Ensorcelled Hibernation        Hexes/Ice                    2
   c - Confuse                        Hexes                        3
   d - Tukima's Dance                 Hexes                        3
   e - Dazzling Spray                 Conjuration/Hexes            3
 J - a book of Callings

   Spells                             Type                      Level
   a - Summon Small Mammal            Summoning                    1
   b - Call Imp                       Summoning                    2
   c - Call Canine Familiar           Summoning                    3
   d - Summon Guardian Golem          Hexes/Summoning              3
   e - Summon Lightning Spire         Summoning/Air                4
   f - Summon Ice Beast               Ice/Summoning                4
 O - a book of Battle

   Spells                             Type                      Level
   a - Infusion                       Charms                       1
   b - Shroud of Golubria             Charms/Translocation         2
   c - Song of Slaying                Charms                       2
   d - Spectral Weapon                Hexes/Charms                 3
   e - Regeneration                   Charms/Necromancy            3
Miscellaneous
 P - a fan of gales
Comestibles
 c - 25 rations


   Skills:
 + Level 7.0 Fighting
 + Level 9.3 Long Blades
 + Level 2.5 Throwing
 + Level 7.4 Armour
 + Level 2.0 Dodging
 + Level 0.5 Stealth
 + Level 3.8 Invocations


You had 8 spell levels left.
You knew the following spells:

 Your Spells              Type           Power        Failure   Level  Hunger
a - Animate Skeleton      Necr           N/A          100%        1    ##.....


Dungeon Overview and Level Annotations

Branches:
Dungeon (11/15)            Temple (1/1) D:6            Lair (0/6) D:9
    Orc: D:9-12

Altars:
Ashenzari
Cheibriados
Dithmenos
Elyvilon
Fedhas
Gozag
Hepliaklqana
Kikubaaqudgha
Nemelex Xobeh
Okawaru
Qazlal
Ru
Sif Muna
Trog
Uskayaw
Vehumet
Wu Jian
Xom
Yredelemnul
Zin
The Shining One

Shops:
D:9 *

Annotations:
D:8 corrupted


Innate Abilities, Weirdness & Mutations

You have a pair of small antennae on your head.
You are mostly covered in sharp spines.
You are immune to rotting.


Message History

The gargoyle is almost destroyed.
The gargoyle hits you but does no damage.
You barely miss the gargoyle.
The gargoyle is almost destroyed.
You hit the gargoyle. You freeze the gargoyle.
You destroy the gargoyle!
Lugonu accepts your kill.
Your Fighting skill increases to level 7!
The gargoyle hurls a stone arrow at you.
The stone arrow hits you!
* * * LOW HITPOINT WARNING * * *
Space bends around you!
You blink.
The gargoyle hurls a stone arrow at you.
The stone arrow hits you! Space bends around you!
You blink.
The gargoyle barely misses you. Space bends around you!
You blink.
Space bends around you!
You blink.
The gargoyle hurls a stone arrow at you.
The stone arrow hits you!
You die...

### ...
#.#########.#
#.....8.8...#
#.....###
#8$9[8....#
#§...9)##.#
#.8.89#.#
#@#####.## #### #
#............. .#
#############.###
# . §... # .≈
≈§§..#. .. § §≈§.
. # ≈[.? §## ..≈(
%≈.. .≈≈§≈≈..


You could see 3 gargoyles.

Vanquished Creatures
  Joseph (D:10)
  Psyche (D:8)
  A gargoyle (Lab)
  A troll (D:9)
  Prince Ribbit (D:8)
  A hippogriff (D:6)
  A wyvern (D:8)
  Grum (D:8)
  The ghost of gorpus the Grave Robber, an amateur OpNe (D:4)
  A sky beast (D:6)
  2 black bears (D:6)
  2 ogres
  2 phantoms (D:7)
  3 wolves (D:8)
  2 centaurs
  A big kobold (D:7)
  A bullfrog (D:5)
  A water moccasin zombie (D:8)
  2 scorpions
  4 killer bees
  A howler monkey (D:7)
  5 lava snakes
  4 crimson imps
  2 hounds (D:7)
  A centaur skeleton (D:10)
  7 orc wizards
  2 iguanas
  Jessica (D:3)
  5 worker ants
  A hound zombie (D:7)
  2 howler monkey zombies
  3 worker ant zombies
  Robin (D:3)
  3 gnolls (D:7)
  5 adders
  A shadow imp (D:9)
  An ooze (D:2)
  3 worms
  4 dart slugs
  4 leopard geckos
  26 orcs
  3 bats (D:1)
  4 giant cockroaches
  18 goblins
  12 hobgoblins
  15 jackals
  3 quokkas
  8 frilled lizards
  8 kobolds
  A leopard gecko zombie (D:8)
  A quokka zombie (D:9)
  7 rats
192 creatures vanquished.

Notes
Turn   | Place    | Note
-------+----------+-------------------------------------------
     0 | Abyss:1  | Lentor the Demonspawn Abyssal Knight began the quest for the Orb.
     0 | Abyss:1  | Reached XP level 1. HP: 18/18 MP: 2/2
     0 | D:1      | Escaped the Abyss
    67 | D:1      | Reached skill level 2 in Long Blades
   112 | D:1      | Reached * piety under Lugonu
   112 | D:1      | Gained mutation: You are partially covered in sharp spines. [demonic ancestry]
   112 | D:1      | Reached XP level 2. HP: 15/24 MP: 3/3
   685 | D:1      | Reached skill level 1 in Dodging
   928 | D:1      | Reached XP level 3. HP: 29/29 MP: 4/4
  1795 | D:2      | Reached ** piety under Lugonu
  1795 | D:2      | Reached XP level 4. HP: 27/37 MP: 5/5
  2157 | D:3      | Noticed Jessica
  2163 | D:3      | Killed Jessica
  2163 | D:3      | Reached skill level 3 in Long Blades
  2228 | D:3      | Noticed Robin
  2239 | D:3      | Killed Robin
  2297 | D:3      | Gained mutation: You have a pair of small antennae on your head. [demonic ancestry]
  2297 | D:3      | Reached XP level 5. HP: 42/42 MP: 6/6
  2719 | D:4      | Noticed gorpus's ghost (amateur OpNe)
  2731 | D:4      | Killed gorpus's ghost
  2731 | D:4      | Reached skill level 4 in Long Blades
  2731 | D:4      | Gained mutation: You are mostly covered in sharp spines. [demonic ancestry]
  2731 | D:4      | Reached XP level 6. HP: 34/48 MP: 7/7
  2761 | D:4      | Reached *** piety under Lugonu
  3157 | D:4      | Found a stormy altar of Qazlal.
  3157 | D:4      | Found a deep blue altar of Sif Muna.
  3338 | D:5      | Entered Level 5 of the Dungeon
  3762 | D:5      | Reached skill level 5 in Long Blades
  3762 | D:5      | Reached XP level 7. HP: 40/55 MP: 8/8
  3944 | D:5      | Found a hazy altar of Hepliaklqana.
  3973 | D:5      | Found an opulent altar of Gozag.
  4143 | D:5      | Found a white marble altar of Elyvilon.
  4144 | D:5      | Found a glowing golden altar of the Shining One.
  4145 | D:5      | Found a glowing silver altar of Zin.
  4299 | D:6      | Found a staircase to the Ecumenical Temple.
  4308 | Temple   | Entered the Ecumenical Temple
  4400 | D:6      | Found a bloodstained altar of Trog.
  4419 | D:6      | Got a shimmering long sword
  4420 | D:6      | Identified the +4 long sword "Lyanic" {freeze, Str+2 Dex+3} (You found it on level 6 of the Dungeon)
  4568 | D:6      | Found a radiant altar of Vehumet.
  4621 | D:6      | Reached skill level 5 in Fighting
  4629 | D:6      | Reached skill level 6 in Long Blades
  4673 | D:6      | Gained mutation: You are immune to rotting. [demonic ancestry]
  4673 | D:6      | Reached XP level 8. HP: 62/62 MP: 10/10
  4722 | D:6      | Noticed a hippogriff
  4732 | D:6      | Killed a hippogriff
  4929 | D:7      | Reached skill level 5 in Armour
  4971 | D:7      | Reached **** piety under Lugonu
  5005 | D:7      | Reached skill level 1 in Throwing
  5099 | D:7      | Reached skill level 7 in Long Blades
  5453 | D:8      | Found a shattered altar of Ashenzari.
  5703 | D:8      | Noticed Prince Ribbit
  5711 | D:8      | Reached XP level 9. HP: 33/69 MP: 11/11
  5949 | D:8      | Noticed Grum
  6180 | D:8      | Killed Grum
  6180 | D:8      | Reached skill level 8 in Long Blades
  6224 | D:8      | Noticed a two-headed ogre
  6511 | D:8      | Noticed Psyche
  6524 | D:8      | Killed Psyche
  6655 | D:8      | Killed Prince Ribbit
  6759 | D:8      | Corrupted D:8
  6759 | D:8      | Noticed an Executioner
  6759 | D:8      | Noticed a vampire mage
  6759 | D:8      | Noticed a worldbinder
  6759 | D:8      | Noticed a worldbinder
  6761 | D:8      | Noticed a thrashing horror
  6761 | D:8      | Noticed a starcursed mass
  6945 | D:9      | Noticed a troll
  6951 | D:9      | Killed a troll
  7070 | D:9      | Found a staircase to the Lair.
  7564 | D:9      | Found Rosm's General Store.
  7671 | D:9      | Found an iron altar of Okawaru.
  7796 | D:9      | Found a hide-covered altar of Uskayaw.
  7928 | D:10     | Entered Level 10 of the Dungeon
  8301 | D:10     | Noticed Joseph
  8319 | D:10     | Killed Joseph
  8319 | D:10     | Reached skill level 9 in Long Blades
  8319 | D:10     | Reached XP level 10. HP: 23/77 MP: 12/12
  8620 | D:10     | Learned a level 1 spell: Animate Skeleton
  8808 | D:11     | Found a labyrinth entrance.
  8836 | Lab      | Entered a labyrinth
  9199 | Lab      | Noticed a gargoyle
  9199 | Lab      | Noticed a gargoyle
  9199 | Lab      | Noticed a gargoyle
  9199 | Lab      | Noticed a gargoyle
  9220 | Lab      | Killed a gargoyle
  9224 | Lab      | Killed from afar by a gargoyle

Skill      XL: |  1  2  3  4  5  6  7  8  9 10 |
---------------+-------------------------------+-----
Long Blades    | 2 3 4 5 6 7 9 |  9.3
Armour         | 2 3 4 5 7 |  7.4
Dodging        | 1 2 |  2.0
Fighting       | 4 5 6 7 |  7.0
Throwing       | 1 2 |  2.5
Invocations    | 3 |  3.8
Stealth        | |  0.5

Action                   |  1- 3 |  4- 6 |  7- 9 | 10-12 || total
-------------------------+-------+-------+-------+-------++-------
Melee: Falchion          |    91 |   142 |    23 |       ||   256
       Long sword        |       |       |   206 |    32 ||   238
Throw: Javelin           |       |       |    15 |       ||    15
Invok: Depart the Abyss  |     1 |       |       |       ||     1
       Bend Space        |       |     1 |       |     4 ||     5
       Corrupt           |       |       |     1 |       ||     1
  Use: Scroll            |     3 |     4 |    11 |       ||    18
  Eat: Chunk             |     2 |     7 |    12 |       ||    21
       Ration            |       |       |     1 |     1 ||     2
Armor: Leather armour    |    18 |       |       |       ||    18
       Plate armour      |    19 |   125 |   214 |    23 ||   381
Dodge: Dodged            |    47 |    23 |    59 |    10 ||   139
       Rpst.: Falchion   |     8 |     5 |     4 |       ||    17
       Long sword        |       |       |    15 |     1 ||    16
